 Dungeon Crawl Stone Soup version 0.30-a0-1124-g6e8f0f562f (webtiles) character file.

Game seed: 15087079478955815752

19 backslashecho the Cudgeller (level 3, -1/31 HPs)
             Began as a Meteoran Berserker on Apr 2, 2022.
             Was a Follower of Trog.
             Slain by a goblin
             ... wielding a +0 club
              (3 damage)
             ... on level 2 of the Dungeon on Apr 23, 2023.
             The game lasted 00:02:46 (574 turns).

backslashecho the Cudgeller (Meteoran Berserker)     Turns: 574, Time: 00:02:46

Health: -1/31      AC:  2    Str: 21    XL:     3   Next: 11%
Magic:  4/4        EV: 12    Int:  8    God:    Trog [*.....]
Gold:   69         SH:  0    Dex: 13    Spells: 2/2 levels left

rFire   . . .        a - +0 mace
rCold   . . .        (no shield)
rNeg    . . .        b - +0 animal skin
rPois   .            (no helmet)
rElec   .            (no cloak)
rCorr   .            (no gloves)
SInv    .            (no boots)
Will    .....        (no amulet)
Stlth   +            (no ring)
HPRegen 0.25/turn    (no ring)
MPRegen 0.09/turn

%: no passive effects
@: lethally poisoned (-1 -> -9), glowing
A: sense surroundings 1, otherworldly, glowing, explore regen
a: Renounce Religion, Berserk


You were on level 2 of the Dungeon.
You worshipped Trog.
Trog was aware of your devotion.
You visited 1 branch of the dungeon, and saw 2 of its levels.

You collected 69 gold pieces.

Inventory:

Hand Weapons
 a - a +0 mace (weapon)
Armour
 b - a +0 animal skin (worn)
Scrolls
 c - 4 scrolls of noise {unknown}
 e - a scroll of amnesia {unknown}
 f - a scroll of identify {unknown}
Potions
 d - a potion of curing {unknown}


   Skills:
 + Level 3.0 Fighting
 * Level 3.6 Maces & Flails
 + Level 2.8 Armour
 - Level 1.3 Dodging


You had 2 spell levels left.
You didn't know any spells.
Your spell library was empty.

Dungeon Overview and Level Annotations

Branches:
Dungeon (2/15) Zot: 620

Altars:


Innate Abilities, Weirdness & Mutations

You passively map a small area around you.
You are easily found by Zot.
You glow in the dark.
You regain HP and MP as you explore.


Message History

The gnoll hits you with a +0 club.
You take 4 damage, and have 20/25 hp.
You sock the gnoll!
You kill the gnoll!
Trog accepts your kill.
Your Fighting skill increases to level 3!
You have reached level 3!
Your experience leads to an increase in your attributes!
Increase (S)trength, (I)ntelligence, or (D)exterity?
You feel stronger. x3
You regained 5 hp, and now have 25/31 hp.
MP restored: 4 The goblin hits you with a +2 dagger of venom.
You are poisoned.
Things that are here:
a +0 club; a gnoll corpse You take 2 damage, and have 23/31 hp.
You barely miss the goblin.
You feel very sick.
The goblin hits you with a +2 dagger of venom.
You are more poisoned.
The goblin closely misses you. The goblin hits you with a +0 club.
You take 8 damage, and have 15/31 hp.
MASSIVE DAMAGE!!
You are too injured to fight recklessly!
You are too injured to fight recklessly!
Unknown command.
You hit the goblin.
The goblin is heavily wounded.
You feel very sick.
The goblin hits you with a +2 dagger of venom.
* * * LOW HITPOINT WARNING * * *
The goblin barely misses you.
You take 9 damage, and have 6/31 hp.
MASSIVE DAMAGE!!
Unknown command.
You barely miss the goblin.
The goblin is heavily wounded.
* * * LOW HITPOINT WARNING * * *
You feel very sick. The goblin hits you with a +0 club.
You die...

########### * ,
...#......# ,
,#........#### .
#...........### * *
, #[#..............
,,##[.#............
,,#................
, . #.#.g@..)...[..
#.##...g.........!
*
#........_^....###
,* ,
...#.....^.....# ,
* **
#.....<.......... ,
.(........(#....##
...........####.# ,
* ..#.........$ ...
* #..#....####...
$.


You could see 2 goblins.

Vanquished Creatures
  A gnoll (D:2)
  A bat (D:1)
  2 hobgoblins (D:1)
  A quokka (D:1)
  2 ball pythons (D:1)
  A frilled lizard (D:1)
  A kobold (D:2)
  A rat (D:1)
10 creatures vanquished.

Notes
Turn   | Place    | Note
-------+----------+-------------------------------------------
     0 | D:1      | backslashecho the Mayflytaur Berserker began the quest for
                  | the Orb.
     0 | D:1      | Reached XP level 1. HP: 21/21 MP: 2/2
     1 | D:1      | Upgraded the game from 0.29-a0-319-gad05b8d819 to
                  | 0.30-a0-1124-g6e8f0f562f
   191 | D:1      | Reached XP level 2. HP: 19/25 MP: 3/3
   496 | D:1      | Glimpsed the power of Zot.
   546 | D:1      | Glimpsed the power of Zot.
   562 | D:2      | Found a faded altar of an unknown god.
   571 | D:2      | Reached XP level 3. HP: 25/31 MP: 4/4
   574 | D:2      | Slain by a goblin

Illustrated notes

Levels and vault maps discovered:
D:1:      dpeg_arrival_triangle_fractal, layout_basic, columned_hall_lemuel,
          minmay_misc_feat_square
D:2:      layout_rooms, basic_altar, ebering_ecumenical_altar_webs,
          minmay_tetromino_t2

Skill      XL: |  1  2 |
---------------+-------+-----
Maces & Flails | 3 |  3.6
Fighting       | 3 |  3.0
Armour         | |  2.8
Dodging        | |  1.3

Action                     || total
---------------------------++-------
  Melee: Mace              ||    20
         Punch             ||     1
 Armour: Animal skin       ||     2
  Dodge: Dodged            ||     5

Table legend: (Time is in decaauts)
 A = Elapsed time spent in this place.
 B = Non-inter-level travel time spent in this place.
 C = Inter-level travel time spent in this place.
 D = Time resting spent in this place.
 E = Time spent auto-exploring this place.
 F = Levels seen in this place.
 G = Mean time per level.
                   A        B        C        D        E       F      G
               +--------+--------+--------+--------+--------+-----+--------+
         Total |    578 |    514 |     64 |      0 |    459 |   2 |  289.0 |
       Dungeon |    578 |    514 |     64 |      0 |    459 |   2 |  289.0 |
               +--------+--------+--------+--------+--------+-----+--------+

Top non-repeatable levels by time:
     D:1: 565 daAuts
     D:2: 13 daAuts
